General information
- name: BNet
- type: Ladder team game (AT/RT)
- host: Battle.net
- saver: Traditore
map: TwilightRuins
- players: 8
- length: 54:26
- speed: Fast
- version: 1.26 W3XP
- replay type: Public
» download(319 KB)
Players
team 1 (winner)

»
massitems (
purple | 43 APM | 2359 actions | 54:26)
7 Dreadlord
3 Sleep
3 Vampiric Aura
1 Inferno
5 Death Knight
2 Death Coil
2 Unholy Aura
1 Animate Dead
6 Lich
3 Frost Nova
2 Frost Armor
1 Death and Decay
» actions
| Assign group hotkey | 89 | |
| Basic commands | 139 | |
| Build / train | 191 | |
| ESC pressed | 12 | |
| Enter build submenu | 35 | |
| Enter hero's abilities submenu | 19 | |
| Give item / drop item | 4 | |
| Right click | 584 | |
| Select / deselect | 468 | |
| Select group hotkey | 664 | |
| Use ability | 154 | |
2359 total
» units
| Acolyte | 80 | |
| Ghoul | 8 | |
| Crypt Fiend | 12 | |
| Necromancer | 5 | |
| Abomination | 5 | |
| Frost Wyrm | 8 | |
118 total
» upgrades
| Creature Attack | 3 | |
| Creature Carapace | 3 | |
| Web | 1 | |
| Unholy Strength | 3 | |
| Unholy Armor | 3 | |
| Skeletal Longevity | 1 | |
| Necromancer Training | 2 | |
| Skeletal Mastery | 1 | |
| Disease Cloud | 1 | |
| Freezing Breath | 1 | |
19 total
» buildings
| Ziggurat | 12 | |
| Altar of Darkness | 1 | |
| Crypt | 1 | |
| Graveyard | 1 | |
| Tomb of Relics | 3 | |
| Halls of the Dead | 1 | |
| Black Citadel | 1 | |
| Slaughterhouse | 1 | |
| Temple of the Damned | 1 | |
| Sacrificial Pit | 1 | |
| Necropolis | 3 | |
| Spirit Tower | 8 | |
| Boneyard | 1 | |
35 total
» build order
00:23 Ziggurat
00:41 Altar of Darkness
01:00 Crypt
01:17 Graveyard
01:29 Ziggurat
01:50 Tomb of Relics
02:15 Ziggurat
05:24 Halls of the Dead
06:30 Ziggurat
08:37 Black Citadel
08:44 Ziggurat
09:32 Slaughterhouse
09:41 Temple of the Damned
09:44 Ziggurat
09:51 Sacrificial Pit
10:20 Necropolis
10:27 Ziggurat
12:28 Spirit Tower
12:34 Spirit Tower
13:19 Tomb of Relics
13:26 Spirit Tower
14:21 Spirit Tower
18:32 Ziggurat
20:00 Boneyard
25:12 Spirit Tower
38:25 Necropolis
44:36 Necropolis
49:51 Ziggurat
49:53 Ziggurat
49:58 Ziggurat
50:01 Tomb of Relics
50:44 Spirit Tower
50:47 Spirit Tower
50:50 Spirit Tower
51:38 Ziggurat
» items
| Rod of Necromancy | 2 | |
| Boots of Speed | 2 | |
| Scroll of Town Portal | 5 | |
| Potion of Lesser Invulnerability | 5 | |
| Scroll of Protection | 5 | |
| Potion of Healing | 1 | |
20 total

»
Simpson8860 (
red | 82 APM | 4450 actions | 54:26)
8 Archmage
3 Summon Water Elemental
3 Brilliance Aura
1 Mass Teleport
1 Blizzard
8 Mountain King
3 Storm Bolt
3 Thunder Clap
1 Avatar
1 Bash
3 Goblin Tinker
1 Engineering Upgrade
2 Pocket Factory
» actions
| Assign group hotkey | 75 | |
| Basic commands | 145 | |
| Build / train | 181 | |
| ESC pressed | 3 | |
| Enter build submenu | 63 | |
| Enter hero's abilities submenu | 19 | |
| Give item / drop item | 2 | |
| Right click | 1355 | |
| Select / deselect | 880 | |
| Select group hotkey | 1518 | |
| Use ability | 209 | |
4450 total
» units
| Peasant | 19 | |
| Footman | 7 | |
| Priest | 23 | |
| Knight | 14 | |
| Goblin Shredder | 1 | |
| Rifleman | 6 | |
| Flying Machine | 5 | |
| Siege Engine | 14 | |
| Sorceress | 1 | |
90 total
» upgrades
| Swords | 2 | |
| Lumber Harvesting | 1 | |
| Plating | 3 | |
| Priest Training | 2 | |
| Magic Sentry | 1 | |
| Barrage | 1 | |
| Animal War Training | 1 | |
| Gunpowder | 3 | |
| Masonry | 2 | |
| Sorceress Training | 1 | |
| Flak Cannons | 1 | |
18 total
» buildings
| Altar of Kings | 1 | |
| Farm | 10 | |
| Barracks | 2 | |
| Scout Tower | 37 | |
| Arcane Vault | 1 | |
| Arcane Tower | 5 | |
| Lumber Mill | 1 | |
| Keep | 2 | |
| Blacksmith | 1 | |
| Arcane Sanctum | 1 | |
| Castle | 2 | |
| Town Hall | 4 | |
| Guard Tower | 26 | |
| Workshop | 1 | |
94 total
» build order
00:17 Altar of Kings
00:22 Farm
00:52 Barracks
00:56 Barracks
01:06 Farm
01:55 Scout Tower
02:05 Farm
02:10 Arcane Vault
02:59 Arcane Tower
03:05 Lumber Mill
03:31 Keep
03:45 Farm
04:15 Blacksmith
04:29 Farm
05:56 Arcane Sanctum
06:41 Castle
06:58 Farm
08:39 Town Hall
08:54 Scout Tower
09:44 Guard Tower
10:28 Town Hall
14:06 Keep
14:17 Scout Tower
14:59 Guard Tower
15:30 Scout Tower
16:05 Scout Tower
16:06 Guard Tower
16:35 Castle
16:43 Guard Tower
16:47 Scout Tower
16:57 Workshop
18:34 Scout Tower
18:36 Guard Tower
18:49 Scout Tower
18:52 Scout Tower
18:54 Scout Tower
19:05 Guard Tower
19:20 Arcane Tower
19:47 Arcane Tower
19:51 Scout Tower
20:19 Farm
20:21 Guard Tower
20:27 Scout Tower
21:49 Scout Tower
21:50 Guard Tower
22:08 Scout Tower
22:12 Scout Tower
22:20 Guard Tower
22:26 Farm
22:43 Arcane Tower
22:48 Scout Tower
22:49 Guard Tower
25:46 Scout Tower
26:13 Scout Tower
26:14 Guard Tower
26:40 Farm
26:41 Arcane Tower
28:30 Scout Tower
28:52 Scout Tower
29:05 Guard Tower
29:08 Scout Tower
30:29 Scout Tower
31:25 Farm
31:29 Guard Tower
32:16 Scout Tower
32:25 Guard Tower
32:58 Scout Tower
33:13 Guard Tower
35:54 Town Hall
39:48 Guard Tower
40:20 Town Hall
40:46 Scout Tower
40:47 Scout Tower
41:17 Guard Tower
41:18 Scout Tower
41:21 Scout Tower
41:22 Scout Tower
41:28 Scout Tower
41:29 Guard Tower
42:08 Guard Tower
42:11 Scout Tower
42:18 Scout Tower
42:25 Scout Tower
42:42 Scout Tower
42:42 Guard Tower
42:50 Scout Tower
42:51 Guard Tower
42:57 Guard Tower
43:13 Guard Tower
43:20 Scout Tower
43:21 Guard Tower
44:26 Scout Tower
44:26 Guard Tower
45:10 Guard Tower
» items
| Scroll of Regeneration | 3 | |
| Orb of Fire | 3 | |
| Potion of Healing | 6 | |
| Scroll of Town Portal | 3 | |
| Potion of Lesser Invulnerability | 1 | |
16 total

»
GENERAL_maYHem (
green | 56 APM | 3074 actions | 54:26)
6 Priestess of the Moon
1 Searing Arrows
3 Trueshot Aura
1 Scout
1 Starfall
» actions
| Assign group hotkey | 46 | |
| Build / train | 62 | |
| Enter build submenu | 18 | |
| Enter hero's abilities submenu | 6 | |
| Right click | 2286 | |
| Select / deselect | 405 | |
| Select group hotkey | 179 | |
| Use ability | 72 | |
3074 total
» units
| Wisp | 11 | |
| Archer | 12 | |
| Hippogryph | 17 | |
40 total
» upgrades
| Strength of the Moon | 2 | |
| Improved Bows | 1 | |
| Strength of the Wild | 1 | |
| Hippogryph Taming | 1 | |
| Reinforced Hides | 1 | |
| Moon Armor | 1 | |
7 total
» buildings
| Moon Well | 8 | |
| Altar of Elders | 1 | |
| Ancient of War | 2 | |
| Tree of Ages | 1 | |
| Hunter's Hall | 1 | |
| Ancient of Wind | 4 | |
| Tree of Life | 1 | |
18 total
» build order
00:51 Moon Well
01:04 Altar of Elders
01:19 Ancient of War
01:37 Ancient of War
01:50 Moon Well
03:56 Moon Well
06:00 Tree of Ages
06:04 Hunter's Hall
06:08 Moon Well
08:48 Ancient of Wind
08:50 Ancient of Wind
08:52 Ancient of Wind
08:55 Ancient of Wind
11:27 Moon Well
12:56 Moon Well
17:28 Moon Well
21:06 Moon Well
47:11 Tree of Life
» items
| Rod of Necromancy | 1 | |
| Scroll of Healing | 2 | |
| Scroll of Town Portal | 3 | |
| Potion of Healing | 1 | |
7 total

»
manolive2 (
pink | 17 APM | 951 actions | 54:26)
8 Crypt Lord
3 Impale
3 Carrion Beetles
1 Locust Swarm
1 Spiked Carapace
» actions
| Basic commands | 34 | |
| Build / train | 122 | |
| Enter build submenu | 22 | |
| Enter hero's abilities submenu | 8 | |
| Give item / drop item | 1 | |
| Right click | 364 | |
| Select / deselect | 319 | |
| Use ability | 81 | |
951 total
» units
| Acolyte | 23 | |
| Ghoul | 23 | |
| Goblin Shredder | 1 | |
| Crypt Fiend | 3 | |
| Frost Wyrm | 21 | |
71 total
» upgrades
| Unholy Strength | 1 | |
| Freezing Breath | 1 | |
| Creature Attack | 3 | |
| Creature Carapace | 1 | |
6 total
» buildings
| Ziggurat | 8 | |
| Altar of Darkness | 1 | |
| Crypt | 1 | |
| Tomb of Relics | 1 | |
| Halls of the Dead | 1 | |
| Graveyard | 1 | |
| Spirit Tower | 4 | |
| Sacrificial Pit | 1 | |
| Black Citadel | 1 | |
| Boneyard | 2 | |
| Necropolis | 3 | |
24 total
» build order
00:15 Ziggurat
00:24 Altar of Darkness
00:28 Crypt
01:07 Tomb of Relics
01:25 Ziggurat
03:56 Halls of the Dead
04:22 Graveyard
07:08 Ziggurat
16:36 Spirit Tower
16:39 Spirit Tower
16:41 Spirit Tower
16:45 Ziggurat
16:53 Sacrificial Pit
19:16 Black Citadel
20:04 Spirit Tower
23:49 Boneyard
23:53 Boneyard
25:01 Ziggurat
25:07 Ziggurat
25:11 Ziggurat
25:17 Ziggurat
27:13 Necropolis
34:24 Necropolis
45:15 Necropolis
» items
| Rod of Necromancy | 2 | |
| Scroll of Town Portal | 9 | |
| Potion of Healing | 8 | |
| Potion of Mana | 7 | |
| Staff of Teleportation | 1 | |
| Potion of Lesser Invulnerability | 1 | |
| Scroll of Healing | 2 | |
30 total
team 2 (loser)
Traditore (
blue | 83 APM | 4531 actions | 54:26)
10 Blood Mage
3 Flame Strike
3 Siphon Mana
1 Summon Phoenix
3 Banish
1 Demon Hunter
1 Metamorphosis
» actions
| Assign group hotkey | 285 | |
| Basic commands | 61 | |
| Build / train | 127 | |
| Enter build submenu | 98 | |
| Enter hero's abilities submenu | 11 | |
| Give item / drop item | 3 | |
| Remove unit from queue | 6 | |
| Right click | 1705 | |
| Select / deselect | 656 | |
| Select group hotkey | 1263 | |
| Use ability | 316 | |
4531 total
» units
| Peasant | 18 | |
| Footman | 6 | |
| Goblin Shredder | 2 | |
| Sorceress | 2 | |
| Dragonhawk Rider | 6 | |
| Gryphon Rider | 2 | |
36 total
» upgrades
| Lumber Harvesting | 2 | |
| Sorceress Training | 1 | |
| Masonry | 3 | |
| Animal War Training | 1 | |
| Swords | 3 | |
| Armor | 3 | |
| Magic Sentry | 1 | |
| Storm Hammers | 1 | |
| Cloud | 1 | |
16 total
» buildings
| Altar of Kings | 1 | |
| Barracks | 1 | |
| Farm | 25 | |
| Scout Tower | 52 | |
| Arcane Tower | 3 | |
| Arcane Vault | 1 | |
| Keep | 1 | |
| Lumber Mill | 2 | |
| Guard Tower | 14 | |
| Arcane Sanctum | 1 | |
| Town Hall | 3 | |
| Castle | 1 | |
| Blacksmith | 2 | |
| Gryphon Aviary | 8 | |
| Moon Well | 30 | |
| Altar of Elders | 1 | |
146 total
» build order
00:39 Altar of Kings
00:40 Barracks
00:52 Farm
00:56 Farm
01:06 Farm
01:08 Farm
01:09 Farm
01:32 Farm
01:50 Scout Tower
02:11 Farm
02:19 Arcane Tower
02:53 Arcane Vault
03:50 Keep
04:07 Lumber Mill
04:10 Farm
04:12 Farm
06:42 Scout Tower
06:43 Scout Tower
07:19 Guard Tower
07:35 Arcane Sanctum
07:39 Scout Tower
07:41 Scout Tower
08:13 Guard Tower
09:05 Town Hall
09:08 Scout Tower
09:08 Scout Tower
09:08 Scout Tower
09:09 Scout Tower
09:12 Scout Tower
09:13 Scout Tower
09:14 Scout Tower
09:15 Scout Tower
09:16 Scout Tower
10:05 Guard Tower
10:57 Castle
11:23 Lumber Mill
11:30 Guard Tower
12:04 Scout Tower
12:05 Scout Tower
12:06 Scout Tower
12:06 Scout Tower
12:40 Guard Tower
14:16 Guard Tower
14:22 Blacksmith
14:24 Blacksmith
15:30 Scout Tower
15:31 Scout Tower
15:33 Scout Tower
16:09 Arcane Tower
16:59 Guard Tower
18:04 Town Hall
18:10 Scout Tower
18:10 Scout Tower
18:32 Scout Tower
18:32 Scout Tower
18:33 Scout Tower
18:35 Scout Tower
18:40 Scout Tower
18:44 Scout Tower
18:44 Scout Tower
18:47 Scout Tower
18:49 Scout Tower
18:54 Scout Tower
18:58 Scout Tower
19:01 Guard Tower
19:31 Guard Tower
19:51 Guard Tower
19:57 Scout Tower
20:00 Scout Tower
20:01 Scout Tower
20:04 Scout Tower
20:35 Guard Tower
23:11 Scout Tower
23:12 Scout Tower
23:12 Scout Tower
23:13 Scout Tower
23:13 Scout Tower
23:14 Scout Tower
23:15 Scout Tower
23:15 Scout Tower
23:16 Scout Tower
23:16 Scout Tower
23:42 Guard Tower
24:12 Guard Tower
25:30 Guard Tower
26:07 Gryphon Aviary
26:08 Gryphon Aviary
26:09 Gryphon Aviary
26:10 Gryphon Aviary
26:11 Gryphon Aviary
26:13 Gryphon Aviary
26:43 Gryphon Aviary
26:46 Gryphon Aviary
32:22 Farm
32:25 Farm
32:29 Farm
32:31 Farm
33:40 Town Hall
34:56 Moon Well
34:56 Moon Well
34:57 Moon Well
34:58 Moon Well
34:58 Moon Well
34:59 Moon Well
34:59 Moon Well
35:01 Moon Well
35:01 Moon Well
35:01 Moon Well
35:02 Moon Well
35:05 Moon Well
40:17 Farm
40:17 Farm
40:18 Farm
40:18 Farm
40:18 Farm
40:19 Farm
40:19 Farm
43:03 Scout Tower
43:03 Scout Tower
43:04 Scout Tower
43:04 Scout Tower
43:08 Moon Well
43:09 Moon Well
43:09 Moon Well
43:10 Moon Well
43:10 Moon Well
43:10 Moon Well
43:11 Moon Well
43:12 Moon Well
43:12 Moon Well
43:12 Moon Well
43:13 Moon Well
43:13 Moon Well
43:14 Moon Well
43:14 Moon Well
44:55 Arcane Tower
44:59 Moon Well
45:00 Moon Well
45:00 Moon Well
45:16 Farm
45:17 Farm
45:18 Farm
45:18 Farm
45:19 Farm
51:57 Altar of Elders
» items
| Scroll of Regeneration | 5 | |
| Potion of Invisibility | 7 | |
| Boots of Speed | 1 | |
| Staff of Teleportation | 1 | |
| Lesser Clarity Potion | 3 | |
| Potion of Mana | 3 | |
| Potion of Healing | 3 | |
| Scroll of Town Portal | 12 | |
| Periapt of Vitality | 2 | |
| Potion of Lesser Invulnerability | 1 | |
38 total

»
young_flop (
teal | 33 APM | 1119 actions | 34:10)
6 Blood Mage
3 Flame Strike
2 Siphon Mana
1 Summon Phoenix
4 Warden
3 Fan of Knives
1 Spirit of Vengeance
» actions
| Basic commands | 3 | |
| Build / train | 120 | |
| Enter build submenu | 52 | |
| Enter hero's abilities submenu | 10 | |
| Give item / drop item | 1 | |
| Remove unit from queue | 4 | |
| Right click | 380 | |
| Select / deselect | 468 | |
| Use ability | 81 | |
1119 total
» units
| Peasant | 8 | |
| Archer | 12 | |
| Gryphon Rider | 20 | |
| Wisp | 1 | |
| Priest | 23 | |
| Chimaera | 4 | |
| Spell Breaker | 5 | |
73 total
» upgrades
| Swords | 3 | |
| Armor | 4 | |
| Strength of the Wild | 1 | |
| Reinforced Hides | 0 | |
| Strength of the Moon | 1 | |
| Moon Armor | 1 | |
| Priest Training | 2 | |
| Storm Hammers | 1 | |
| Improved Bows | 1 | |
| Well Spring | 1 | |
| Marksmanship | 1 | |
| Control Magic | 1 | |
| Magic Sentry | 1 | |
18 total
» buildings
| Farm | 15 | |
| Altar of Kings | 1 | |
| Lumber Mill | 1 | |
| Keep | 1 | |
| Blacksmith | 1 | |
| Scout Tower | 12 | |
| Guard Tower | 8 | |
| Castle | 1 | |
| Arcane Sanctum | 1 | |
| Gryphon Aviary | 1 | |
| Tree of Ages | 1 | |
| Moon Well | 5 | |
| Ancient of Wind | 1 | |
| Tree of Eternity | 1 | |
| Chimaera Roost | 1 | |
| Ancient Protector | 1 | |
| Ancient of Wonders | 1 | |
| Town Hall | 1 | |
| Arcane Vault | 1 | |
| Tree of Life | 1 | |
56 total
» build order
00:44 Farm
00:51 Altar of Kings
01:24 Farm
02:02 Lumber Mill
02:14 Farm
02:52 Farm
03:14 Keep
03:17 Blacksmith
03:30 Farm
04:14 Farm
04:49 Scout Tower
04:59 Farm
05:11 Guard Tower
05:40 Castle
05:49 Farm
06:24 Arcane Sanctum
06:50 Gryphon Aviary
07:00 Tree of Ages
07:08 Moon Well
07:48 Farm
08:53 Farm
09:30 Ancient of Wind
09:35 Farm
10:28 Farm
10:57 Tree of Eternity
11:10 Farm
11:59 Farm
12:52 Farm
13:55 Chimaera Roost
15:02 Moon Well
16:08 Moon Well
17:47 Moon Well
19:10 Moon Well
21:19 Ancient Protector
22:17 Ancient of Wonders
24:10 Scout Tower
24:26 Town Hall
24:33 Scout Tower
25:28 Scout Tower
25:34 Scout Tower
25:36 Guard Tower
26:10 Scout Tower
26:18 Scout Tower
26:22 Guard Tower
28:50 Guard Tower
29:05 Scout Tower
29:35 Arcane Vault
29:43 Scout Tower
29:44 Guard Tower
30:17 Tree of Life
30:28 Scout Tower
30:29 Guard Tower
31:08 Scout Tower
31:10 Guard Tower
31:42 Guard Tower
32:58 Scout Tower
» items
| Periapt of Vitality | 1 | |
| Scroll of Town Portal | 1 | |
2 total

»
th3aceof561 (
orange | 28 APM | 159 actions | 05:42)
1 Warden
1 Shadow Strike
» actions
| Build / train | 21 | |
| Enter build submenu | 8 | |
| Enter hero's abilities submenu | 1 | |
| Right click | 46 | |
| Select / deselect | 70 | |
| Use ability | 13 | |
159 total
» units
» buildings
| Moon Well | 5 | |
| Ancient of War | 1 | |
| Altar of Elders | 1 | |
| Hunter's Hall | 1 | |
8 total
» build order
00:13 Moon Well
00:37 Ancient of War
00:52 Altar of Elders
01:22 Moon Well
02:20 Moon Well
03:24 Moon Well
04:10 Hunter's Hall
04:38 Moon Well

»
vAmPuRiTy (
yellow | 76 APM | 2606 actions | 34:23)
5 Demon Hunter
3 Immolation
2 Evasion
4 Priestess of the Moon
2 Trueshot Aura
2 Scout
» actions
| Assign group hotkey | 24 | |
| Basic commands | 29 | |
| Build / train | 92 | |
| ESC pressed | 4 | |
| Enter build submenu | 26 | |
| Enter hero's abilities submenu | 9 | |
| Give item / drop item | 1 | |
| Remove unit from queue | 2 | |
| Right click | 1000 | |
| Select / deselect | 672 | |
| Select group hotkey | 672 | |
| Use ability | 75 | |
2606 total
» units
| Wisp | 22 | |
| Archer | 4 | |
| Dryad | 19 | |
| Chimaera | 6 | |
| Hippogryph | 3 | |
| Goblin Sapper | 7 | |
61 total
» upgrades
| Strength of the Wild | 3 | |
| Reinforced Hides | 2 | |
| Abolish Magic | 1 | |
| Corrosive Breath | 2 | |
8 total
» buildings
| Altar of Elders | 1 | |
| Ancient of War | 1 | |
| Moon Well | 9 | |
| Tree of Ages | 1 | |
| Hunter's Hall | 1 | |
| Ancient of Lore | 2 | |
| Ancient Protector | 4 | |
| Tree of Life | 1 | |
| Chimaera Roost | 5 | |
| Ancient of Wind | 1 | |
| Tree of Eternity | 1 | |
27 total
» build order
00:10 Altar of Elders
00:16 Ancient of War
00:22 Moon Well
01:47 Moon Well
02:48 Tree of Ages
02:57 Moon Well
03:50 Hunter's Hall
03:57 Moon Well
05:18 Ancient of Lore
05:21 Ancient of Lore
06:33 Ancient Protector
06:39 Ancient Protector
07:11 Ancient Protector
07:20 Ancient Protector
10:18 Moon Well
10:19 Moon Well
12:27 Tree of Life
14:13 Chimaera Roost
14:15 Chimaera Roost
16:14 Moon Well
16:16 Moon Well
16:17 Moon Well
24:41 Ancient of Wind
26:29 Tree of Eternity
28:51 Chimaera Roost
28:52 Chimaera Roost
28:55 Chimaera Roost
» items
| Scroll of Town Portal | 6 | |
| Scroll of Regeneration | 1 | |
| Orb of Fire | 1 | |
8 total
Chat log
(00:19 / Allies) Traditore: get to work slave
(00:49 / Allies) vAmPuRiTy: plan?
(01:05 / Allies) th3aceof561: chims
(01:16 / Allies) th3aceof561: dray
(01:25 / Allies) vAmPuRiTy: i got dryads
(01:30 / Allies) th3aceof561: okay
(01:35 / Allies) young_flop: techin to knights priets
(01:56 / Allies) th3aceof561: whatever is good aa with nigthelf
(02:05 / Allies) vAmPuRiTy: hippos
(02:30 / Allies) th3aceof561: hips chims it is
(03:47 / Allies) th3aceof561: bewarerush
(04:39 / Allies) vAmPuRiTy: youre gnna get hit
(04:45 / Allies) vAmPuRiTy: tp
(04:47 / Allies) Traditore: tp
(06:00 / Allies) Traditore: gold
(06:16 / Allies) young_flop: who has?
(06:19 / Allies) vAmPuRiTy: not me
(08:45 / Allies) Traditore: why tp lalw
(09:32 / Allies) Traditore: omfg
(09:34 / Allies) Traditore: these guys are annoying
(11:56 / Allies) Traditore: Pink is not good
(12:04 / Allies) vAmPuRiTy: we should take him out
(12:14 / Allies) Traditore: roger
(12:35 / Allies) vAmPuRiTy: omw to you
(12:41 / Allies) vAmPuRiTy: any1 got any spare gold?
(12:55 / Allies) vAmPuRiTy: ty
(13:23 / Allies) vAmPuRiTy: chims time
(13:58 / Allies) vAmPuRiTy: they really suck
(14:00 / Allies) vAmPuRiTy: we could win
(14:02 / Allies) vAmPuRiTy: just gotta hit
(14:25 / Allies) vAmPuRiTy: lol
(14:27 / Allies) vAmPuRiTy: no acos
(14:42 / Allies) vAmPuRiTy: time to win
(14:43 / Allies) vAmPuRiTy: lets go
(16:24 / All) Traditore: I DO IT FOR LOVE
(16:25 / All) Traditore: LOVE
(16:26 / All) Traditore: LOVE
(16:28 / All) Traditore: I DO IT FOR LOVE
(16:36 / All) vAmPuRiTy: amen
(17:35 / Allies) young_flop: counter to hit red
(18:18 / Allies) vAmPuRiTy: guys
(18:19 / Allies) vAmPuRiTy: hit pink
(18:20 / Allies) vAmPuRiTy: wtf
(18:52 / Allies) vAmPuRiTy: hit pink or they hit us
(18:54 / Allies) vAmPuRiTy: come on
(20:14 / Allies) Traditore: TP
(20:21 / Allies) young_flop: where?
(20:22 / Allies) vAmPuRiTy: now u speak?
(20:40 / Allies) Traditore: I have vested interested there
(20:47 / Allies) vAmPuRiTy: a vested
(21:05 / Allies) Traditore: please don't criticize my grammar son
(21:09 / Allies) Traditore: I got type fast
(21:10 / Allies) Traditore: no time!
(21:51 / Allies) Traditore: teal that hurts allies
(22:15 / Allies) vAmPuRiTy: we dnt have teammates
(22:19 / Allies) vAmPuRiTy: just a bunch of people doing w./e
(29:48 / Allies) vAmPuRiTy: we gonna hit?
(30:49 / All) vAmPuRiTy: pro sf use
(33:24 / Allies) vAmPuRiTy: are we gonna hit?
(33:30 / All) vAmPuRiTy: my team is afk
(33:35 / All) vAmPuRiTy: blue has 15k gold
(34:17 / Allies) Traditore: \
(34:17 / All) Traditore: wtf
(34:35 / All) Traditore: lmao
(35:03 / All) massitems: lol@blue
(35:15 / All) Traditore: wtf was yellow thinking
(35:15 / All) massitems: u still here?
(36:59 / All) Traditore: tanks are about the leaast skilled unit in the game
(37:49 / All) Traditore: you guys dominated al lgame and going to get this cheap victory
(37:58 / All) Traditore: mass tp and tanks
(38:01 / All) Simpson8860: stfu nooob
(38:03 / All) Simpson8860: gfuckin
(38:04 / All) Traditore: you stfu
(38:06 / All) Traditore: look at my name
(38:07 / All) Simpson8860: fucking noob and sucker
(38:08 / All) Traditore: french for traitor
(38:13 / All) Traditore: I could have squished you like an insect earlier
(38:22 / All) Simpson8860: i had bser here, watch replay
(38:24 / All) Simpson8860: lmao
(38:28 / All) Traditore: a move tanks and then mass tp tanks wow you are good man
(39:32 / All) Traditore: you didn't have a bser faggot you all played
(42:05 / All) Traditore: free tps you good
(42:16 / All) Traditore: all over the map
(42:27 / All) Traditore: I should have made sure not to let you get level 6
(50:46 / All) Traditore: red you are so shit lol
(50:52 / All) Traditore: and you think you're good
(51:28 / All) Simpson8860: run noob shit
(51:31 / All) Traditore: LKOL
(51:35 / All) Traditore: you're fighting in towers with no micro tanks
(52:14 / All) Traditore: you're 26-31 lol
(52:23 / All) Traditore: you don't get the chance to shit talk often huh?
(53:45 / All) Simpson8860: no matter what, you lose
(53:46 / All) Simpson8860: fucking loser
(53:48 / All) Simpson8860: bitch
(53:57 / All) Traditore: I let you get too strong
(54:02 / All) Traditore: the power was in my hands
(54:08 / All) Traditore: ask your team who they think is better you dumbass motherfucker
(54:18 / All) Simpson8860: all u can is talk
(54:20 / All) Traditore: 26-31
(54:22 / All) Traditore: LOl
(54:25 / All) Traditore: okay watch replay